TOP OF THE 1ST |
San Francisco Bandits batting - Pitching for Niagara Falls Frenzy : RHP Terry Fields
|
Pitching: RHP Terry Fields
|
|
Batting: RHB Javier Ramírez
|
0-0: Ball 1-0: Called Strike 1-1: Swinging Strike 1-2: Ball 2-2: Ball 3-2: Strikes out swinging
|
Batting: RHB Cory Foster
|
0-0: Called Strike 0-1: Foul Ball, location: 2F 0-2: SINGLE (Flyball, 89S) - OUT at second base trying to stretch hit.
|
Batting: RHB Owen Carter
|
0-0: Foul Ball, location: 2F 0-1: Ball 1-1: Foul Ball, location: 2F 1-2: SINGLE (Line Drive, 7S)
|
Batting: LHB Alberto Gómez
|
0-0: Called Strike 0-1: Ball 1-1: Swinging Strike 1-2: Fly out, F7 (Flyball, 7)
|
Top of the 1st over - 0 run(s), 2 hit(s), 0 error(s), 1 left on base; San Francisco 0 - Niagara Falls 0 |
BOTTOM OF THE 1ST |
Niagara Falls Frenzy batting - Pitching for San Francisco Bandits : RHP Kunihiko Daikawa
|
Pitching: RHP Kunihiko Daikawa
|
|
Batting: RHB Kel Pierce
|
0-0: Ball 1-0: Fly out, F6 (Popup, 6D)
|
Batting: RHB Jorge Cora
|
0-0: Called Strike 0-1: Ball 1-1: Ball 2-1: Ball 3-1: Base on Balls
|
Batting: LHB Clyde Yarbrough
|
0-0: Ball 1-0: Called Strike 1-1: Foul Ball, location: 2F 1-2: Ball 2-2: Ball 3-2: Foul Ball, location: 2F 3-2: Base on Balls Jorge Cora to second
|
Batting: SHB Martín De Jesús
|
0-0: Ball 1-0: Ball Jorge Cora steals 3rd base Clyde Yarbrough to second 2-0: Ball 3-0: Base on Balls
|
Batting: RHB Zander Tremblett
|
0-0: Ball 1-0: Foul Ball, location: 2F 1-1: Fielders Choice at 2nd, 3-6 (Groundball, 3) Jorge Cora scores Clyde Yarbrough to third
|
Batting: RHB Anastasio Villa
|
0-0: Foul Ball, location: 2F 0-1: Ball 1-1: Fly out, F7 (Flyball, 7LSF)
|
Bottom of the 1st over - 1 run(s), 0 hit(s), 0 error(s), 2 left on base; San Francisco 0 - Niagara Falls 1 |
TOP OF THE 2ND |
San Francisco Bandits batting - Pitching for Niagara Falls Frenzy : RHP Terry Fields
|
Batting: RHB Raúl Bruno
|
0-0: Swinging Strike 0-1: Foul Ball, location: 2F 0-2: Strikes out looking
|
Batting: RHB Ramón Ruíz
|
0-0: Foul Ball, location: 2F 0-1: Called Strike 0-2: Strikes out swinging, 2-3 out at first.
|
Batting: RHB Gustavo Ortíz
|
0-0: Ball 1-0: Ball 2-0: Called Strike 2-1: Foul Ball, location: 2F 2-2: Ground out 4-3 (Groundball, 4)
|
Top of the 2nd over - 0 run(s), 0 hit(s), 0 error(s), 0 left on base; San Francisco 0 - Niagara Falls 1 |
BOTTOM OF THE 2ND |
Niagara Falls Frenzy batting - Pitching for San Francisco Bandits : RHP Kunihiko Daikawa
|
Batting: LHB Yasuhiko Onodera
|
0-0: Ball 1-0: Foul Ball, location: 2F 1-1: Called Strike 1-2: Foul Ball, location: 2F 1-2: Foul Ball, location: 2F 1-2: Foul Ball, location: 2F 1-2: Ball 2-2: Ground out U3 (Groundball, 34)
|
Batting: RHB Luther Stoffels
|
0-0: Ball 1-0: Called Strike 1-1: Called Strike 1-2: Foul Ball, location: 2F 1-2: Strikes out swinging
|
Batting: RHB Santiago Zambrano
|
0-0: Ball 1-0: Called Strike 1-1: Called Strike 1-2: Ball 2-2: Foul Ball, location: 2F 2-2: Strikes out looking
|
Bottom of the 2nd over - 0 run(s), 0 hit(s), 0 error(s), 0 left on base; San Francisco 0 - Niagara Falls 1 |
TOP OF THE 3RD |
San Francisco Bandits batting - Pitching for Niagara Falls Frenzy : RHP Terry Fields
|
Batting: LHB Mario García
|
0-0: Ball 1-0: Ground out U3 (Groundball, 3)
|
Batting: LHB Seung-woo Yi
|
0-0: SINGLE (Flyball, 8LS)
|
Batting: RHB Javier Ramírez
|
0-0: Ball 1-0: Ball 2-0: Fly out, F9 (Flyball, 9D)
|
Batting: RHB Cory Foster
|
0-0: Ball 1-0: Foul Ball, location: 2F 1-1: Ball 2-1: Ball 3-1: Called Strike 3-2: Foul Ball, location: 2F 3-2: SINGLE (Line Drive, 56D) Seung-woo Yi to second Seung-woo Yi to third
|
Batting: RHB Owen Carter
|
0-0: Ball 1-0: SINGLE (Groundball, 6MD) Seung-woo Yi scores Cory Foster to second Runner from 2nd tries for 3rd, SAFE, throw made to third
|
Batting: LHB Alberto Gómez
|
0-0: Ball 1-0: Fly out, F7 (Line Drive, 7D)
|
Top of the 3rd over - 1 run(s), 3 hit(s), 0 error(s), 2 left on base; San Francisco 1 - Niagara Falls 1 |
BOTTOM OF THE 3RD |
Niagara Falls Frenzy batting - Pitching for San Francisco Bandits : RHP Kunihiko Daikawa
|
Batting: RHB Kel Pierce
|
0-0: Ball 1-0: Reached on error, E4 (Groundball, 4)
|
Batting: RHB Jorge Cora
|
0-0: Ball 1-0: Swinging Strike 1-1: Ball 2-1: Foul Ball, location: 2F 2-2: Strikes out swinging
|
Batting: LHB Clyde Yarbrough
|
0-0: Ball 1-0: Ball 2-0: Called Strike 2-1: Ball 3-1: Called Strike 3-2: Base on Balls Kel Pierce to second
|
Batting: SHB Martín De Jesús
|
0-0: Ball Kel Pierce is caught stealing 3rd base Clyde Yarbrough to second 1-0: Foul Ball, location: 2F 1-1: Ball 2-1: Called Strike 2-2: Ground out 5-3 (Groundball, 56S)
|
Bottom of the 3rd over - 0 run(s), 0 hit(s), 1 error(s), 1 left on base; San Francisco 1 - Niagara Falls 1 |
TOP OF THE 4TH |
San Francisco Bandits batting - Pitching for Niagara Falls Frenzy : RHP Terry Fields
|
Batting: RHB Raúl Bruno
|
0-0: Ball 1-0: Ball 2-0: Ball 3-0: Called Strike 3-1: Called Strike 3-2: Ground out 5-3 (Groundball, 56)
|
Batting: RHB Ramón Ruíz
|
0-0: Called Strike 0-1: Called Strike 0-2: Ball 1-2: Ball 2-2: Ball 3-2: Fly out, F8 (Line Drive, 8LD)
|
Batting: RHB Gustavo Ortíz
|
0-0: Called Strike 0-1: Ball 1-1: Ball 2-1: Ball 3-1: Base on Balls
|
Batting: LHB Mario García
|
0-0: Called Strike 0-1: Foul Ball, location: 2F 0-2: Ball 1-2: Ball 2-2: Fly out, F9 (Flyball, 89M)
|
Top of the 4th over - 0 run(s), 0 hit(s), 0 error(s), 1 left on base; San Francisco 1 - Niagara Falls 1 |
BOTTOM OF THE 4TH |
Niagara Falls Frenzy batting - Pitching for San Francisco Bandits : RHP Kunihiko Daikawa
|
Batting: RHB Zander Tremblett
|
0-0: Called Strike 0-1: Ball 1-1: Ground out 5-3 (Groundball, 56)
|
Batting: RHB Anastasio Villa
|
0-0: Fly out, F6 (Popup, 6MD)
|
Batting: LHB Yasuhiko Onodera
|
0-0: Ball 1-0: Foul Ball, location: 2F 1-1: Swinging Strike 1-2: Ball 2-2: Foul Ball, location: 2F 2-2: Foul Ball, location: 2F 2-2: Reached on error, E6 (Groundball, 6)
|
Batting: RHB Luther Stoffels
|
0-0: 2-RUN HOME RUN (Line Drive, 7D), Distance : 383 ft
|
Batting: RHB Santiago Zambrano
|
0-0: Called Strike 0-1: SINGLE (Groundball, 34D)
|
Batting: RHB Kel Pierce
|
0-0: Ball Throwing error on steal attempt, E2 Santiago Zambrano to third 1-0: Called Strike 1-1: Foul Ball, location: 2F 1-2: Ground out 5-3 (Groundball, 56)
|
Bottom of the 4th over - 2 run(s), 2 hit(s), 2 error(s), 1 left on base; San Francisco 1 - Niagara Falls 3 |
TOP OF THE 5TH |
San Francisco Bandits batting - Pitching for Niagara Falls Frenzy : RHP Terry Fields
|
Batting: LHB Seung-woo Yi
|
0-0: Called Strike 0-1: Ball 1-1: Ball 2-1: SINGLE (Groundball, 6D)
|
Batting: RHB Javier Ramírez
|
0-0: Ball 1-0: Foul Ball, location: 2F 1-1: Ball 2-1: Foul Ball, location: 2F 2-2: Ball 3-2: Foul Ball, location: 2F Balk! Seung-woo Yi to second 3-2: TRIPLE (Flyball, 9LM) Seung-woo Yi scores
|
Batting: RHB Cory Foster
|
0-0: DOUBLE (Line Drive, 9D) Javier Ramírez scores
|
Batting: RHB Owen Carter
|
0-0: Swinging Strike 0-1: Foul Ball, location: 2F 0-2: Ball 1-2: Strikes out swinging
|
Batting: LHB Alberto Gómez
|
0-0: Ball 1-0: Foul Ball, location: 2F 1-1: Called Strike 1-2: Ball 2-2: Ground out 4-3 (Groundball, 4S) Cory Foster to third
|
Batting: RHB Raúl Bruno
|
0-0: DOUBLE (Groundball, 3L) Cory Foster scores
|
Batting: RHB Ramón Ruíz
|
0-0: Ball 1-0: Ball 2-0: Foul Ball, location: 2F 2-1: Ball 3-1: Foul Ball, location: 2F 3-2: DOUBLE (Line Drive, 7D) Raúl Bruno scores
|
Batting: RHB Gustavo Ortíz
|
0-0: Foul Ball, location: 2F 0-1: Called Strike 0-2: Foul Ball, location: 2F 0-2: Ball 1-2: Foul Ball, location: 2F 1-2: Foul Ball, location: 2F 1-2: Strikes out looking
|
Top of the 5th over - 4 run(s), 5 hit(s), 0 error(s), 1 left on base; San Francisco 5 - Niagara Falls 3 |
BOTTOM OF THE 5TH |
Niagara Falls Frenzy batting - Pitching for San Francisco Bandits : RHP Kunihiko Daikawa
|
Batting: RHB Jorge Cora
|
0-0: Foul Ball, location: 2F 0-1: SINGLE (Flyball, 8RM)
|
Pitching: RHP Alfonso Martínez
|
|
Batting: LHB Clyde Yarbrough
|
0-0: Fly out, F6 (Line Drive, 6) Lined into DP, 6-3 (Line Drive, 6)
|
Batting: SHB Martín De Jesús
|
0-0: Ball 1-0: Called Strike 1-1: Ball 2-1: Foul Ball, location: 2F 2-2: Strikes out swinging
|
Bottom of the 5th over - 0 run(s), 1 hit(s), 0 error(s), 0 left on base; San Francisco 5 - Niagara Falls 3 |
TOP OF THE 6TH |
San Francisco Bandits batting - Pitching for Niagara Falls Frenzy : RHP Terry Fields
|
Batting: LHB Mario García
|
0-0: Ball 1-0: Swinging Strike 1-1: Foul Ball, location: 2F 1-2: Ball 2-2: Foul Ball, location: 2F 2-2: SINGLE (Line Drive, 3D)
|
Pitching: RHP Nathan Thornton
|
|
Batting: LHB Seung-woo Yi
|
0-0: Called Strike 0-1: Ball 1-1: Ball 2-1: Foul Ball, location: 2F 2-2: Strikes out swinging
|
Batting: RHB Javier Ramírez
|
0-0: Ball Wild Pitch! Mario García to second 1-0: Called Strike 1-1: Foul Ball, location: 2F 1-2: Strikes out swinging
|
Batting: RHB Cory Foster
|
0-0: Called Strike 0-1: Fly out, F9 (Flyball, 9LS)
|
Top of the 6th over - 0 run(s), 1 hit(s), 0 error(s), 1 left on base; San Francisco 5 - Niagara Falls 3 |
BOTTOM OF THE 6TH |
Niagara Falls Frenzy batting - Pitching for San Francisco Bandits : RHP Alfonso Martínez
|
Batting: RHB Zander Tremblett
|
0-0: Ball 1-0: Called Strike 1-1: Ball 2-1: Foul Ball, location: 2F 2-2: Fly out, F6 (Popup, 56D)
|
Batting: RHB Anastasio Villa
|
0-0: Swinging Strike 0-1: Swinging Strike 0-2: Ball 1-2: Strikes out swinging
|
Batting: LHB Yasuhiko Onodera
|
0-0: Called Strike 0-1: Ball 1-1: Foul Ball, location: 2F 1-2: TRIPLE (Line Drive, 9LD)
|
Batting: RHB Luther Stoffels
|
0-0: Called Strike 0-1: Foul Ball, location: 2F 0-2: Ball 1-2: Ground out 6-3 (Groundball, 6)
|
Bottom of the 6th over - 0 run(s), 1 hit(s), 0 error(s), 1 left on base; San Francisco 5 - Niagara Falls 3 |
TOP OF THE 7TH |
San Francisco Bandits batting - Pitching for Niagara Falls Frenzy : RHP Nathan Thornton
|
Batting: RHB Owen Carter
|
0-0: Ball 1-0: Fly out, F9 (Flyball, 89M)
|
Batting: LHB Alberto Gómez
|
0-0: Swinging Strike 0-1: Foul Ball, location: 2F 0-2: Ball 1-2: Strikes out swinging
|
Batting: RHB Raúl Bruno
|
0-0: Ball 1-0: Called Strike 1-1: Swinging Strike 1-2: Strikes out looking
|
Top of the 7th over - 0 run(s), 0 hit(s), 0 error(s), 0 left on base; San Francisco 5 - Niagara Falls 3 |
BOTTOM OF THE 7TH |
Niagara Falls Frenzy batting - Pitching for San Francisco Bandits : RHP Alfonso Martínez
|
Batting: RHB Santiago Zambrano
|
0-0: Fly out, F3 (Popup, 3L)
|
Batting: RHB Kel Pierce
|
0-0: DOUBLE (Line Drive, 8LXD)
|
Batting: RHB Jorge Cora
|
0-0: Called Strike 0-1: Ground out 4-3 (Groundball, 4) Kel Pierce to third
|
Batting: LHB Clyde Yarbrough
|
0-0: Called Strike 0-1: Fly out, F7 (Flyball, 7S)
|
Bottom of the 7th over - 0 run(s), 1 hit(s), 0 error(s), 1 left on base; San Francisco 5 - Niagara Falls 3 |
TOP OF THE 8TH |
San Francisco Bandits batting - Pitching for Niagara Falls Frenzy : RHP Nathan Thornton
|
Batting: RHB Ramón Ruíz
|
0-0: Ball 1-0: SINGLE (Groundball, 56D)
|
Batting: RHB Gustavo Ortíz
|
0-0: Ball 1-0: Swinging Strike 1-1: Swinging Strike 1-2: Strikes out swinging
|
Batting: LHB Mario García
|
0-0: Ball 1-0: 2-RUN HOME RUN (Flyball, 9D), Distance : 377 ft
|
Batting: LHB Seung-woo Yi
|
0-0: Ball 1-0: Called Strike 1-1: Ball 2-1: Foul Ball, location: 2F 2-2: Strikes out swinging
|
Batting: RHB Javier Ramírez
|
0-0: Foul Ball, location: 2F 0-1: Foul Ball, location: 2F 0-2: Ball 1-2: Ball 2-2: Foul Ball, location: 2F 2-2: Ball 3-2: Strikes out swinging
|
Top of the 8th over - 2 run(s), 2 hit(s), 0 error(s), 0 left on base; San Francisco 7 - Niagara Falls 3 |
BOTTOM OF THE 8TH |
Niagara Falls Frenzy batting - Pitching for San Francisco Bandits : RHP Alfonso Martínez
|
Batting: SHB Martín De Jesús
|
0-0: Called Strike 0-1: Ground out 3-1 (Groundball, 34)
|
Batting: RHB Zander Tremblett
|
0-0: Ball 1-0: Foul Ball, location: 2F 1-1: Ball 2-1: Ball 3-1: Called Strike 3-2: Base on Balls
|
Batting: RHB Anastasio Villa
|
0-0: Fly out, F9 (Flyball, 9)
|
Batting: LHB Yasuhiko Onodera
|
0-0: Called Strike 0-1: Ball 1-1: SINGLE (Flyball, 8RS) Zander Tremblett to second
|
Pitching: RHP Mal Park
|
|
Batting: RHB Luther Stoffels
|
0-0: Ground out 1-3 (Groundball, P)
|
Bottom of the 8th over - 0 run(s), 1 hit(s), 0 error(s), 2 left on base; San Francisco 7 - Niagara Falls 3 |
|
|
TOP OF THE 9TH |
San Francisco Bandits batting - Pitching for Niagara Falls Frenzy : RHP Nathan Thornton
|
Batting: RHB Cory Foster
|
0-0: Foul Ball, location: 2F 0-1: SINGLE (Flyball, 8RS)
|
Batting: RHB Owen Carter
|
0-0: Swinging Strike 0-1: Ground out 4-3 (Groundball, 4S) Cory Foster to second
|
Batting: LHB Alberto Gómez
|
0-0: Intentional Walk
|
Pitching: RHP Blaine Yarbrough
|
|
Batting: RHB Raúl Bruno
|
0-0: Called Strike 0-1: Foul Ball, location: 2F 0-2: Ball 1-2: Ball 2-2: Grounds into double play, 6-4-3 (Groundball, 6)
|
Top of the 9th over - 0 run(s), 1 hit(s), 0 error(s), 1 left on base; San Francisco 7 - Niagara Falls 3 |
BOTTOM OF THE 9TH |
Niagara Falls Frenzy batting - Pitching for San Francisco Bandits : RHP Mal Park
|
Batting: RHB Santiago Zambrano
|
0-0: Ball 1-0: Fly out, F8 (Flyball, 8RD)
|
Batting: RHB Kel Pierce
|
0-0: Swinging Strike 0-1: Foul Ball, location: 2F 0-2: Ball 1-2: Strikes out swinging
|
Batting: RHB Jorge Cora
|
0-0: Ball 1-0: Ball 2-0: Swinging Strike 2-1: Foul Ball, location: 2F 2-2: SINGLE (Line Drive, 56)
|
Batting: LHB Clyde Yarbrough
|
0-0: Swinging Strike 0-1: Ball 1-1: Ground out 4-3 (Groundball, 4S)
|
Bottom of the 9th over - 0 run(s), 1 hit(s), 0 error(s), 1 left on base; San Francisco 7 - Niagara Falls 3 |
|
Tuesday, August 8th, 2017 - OOTP Baseball 17.12 Build 75
|
|